 Dungeon Sprint DCSS version 0.29.1-2-gbd0b4ee654 (webtiles) character file.

Game seed: 14136807662675648487

1229 Zeld the Cleaver (level 8, -2/80 HPs)
             Began as a Minotaur Berserker on Oct 27, 2022.
             Was a Priest of Trog.
             Constricted to death by Sonja (7 damage)
             ... in the Dungeon (Sprint I: "Red Sonja").
             The game lasted 00:00:47 (1227 turns).

Zeld the Cleaver (Minotaur Berserker)               Turns: 1227, Time: 00:00:48

Health: -2/80      AC:  2    Str: 25    XL:     8   Next: 24%
Magic:  7/7        EV: 11    Int:  4    God:    Trog [***...]
Gold:   415        SH:  0    Dex:  9    Spells: 7/7 levels left

rFire   . . .      SeeInvis .   a - +0 hand axe
rCold   . . .      Faith    .   (no shield)
rNeg    . . .      Spirit   .   b - +0 animal skin
rPois   .          Reflect  .   (helmet restricted)
rElec   .          Harm     .   (no cloak)
rCorr   .          Rampage  .   (no gloves)
Will    ++...      NoTele   +   (no boots)
Stlth   +.........              (no amulet)
HPRegen 1.23/turn               (no ring)
MPRegen 0.10/turn               (no ring)

@: lethally poisoned (-2 -> -41), grasped by roots, strong-willed, regenerating,
slowed, constricted, very slow
A: horns 2, retaliatory headbutt
a: Renounce Religion, Berserk, Trog's Hand


You were in the Dungeon.
You worshipped Trog.
Trog was most pleased with you.
You visited 1 branch You collected 415 gold pieces.

Inventory:

Hand Weapons
 a - a +0 hand axe (weapon)
Armour
 b - a +0 animal skin (worn)
Wands
 i - a wand of flame (3)
Scrolls
 h - a scroll of blinking
 j - a scroll of identify {unknown}
Potions
 c - a potion of curing
 e - a potion of haste
 f - 2 potions of magic
 g - a potion of berserk rage


   Skills:
 + Level 10.5 Fighting
 * Level 14.1 Axes
 + Level 10.1 Armour
 + Level 9.3 Dodging


You had 7 spell levels left.
You didn't know any spells.
Your spell library was empty.

Dungeon Overview and Level Annotations

Branches:
Dungeon (1/1)

Altars:
Cheibriados
Dithmenos
Elyvilon
Fedhas
Gozag
Hepliaklqana
Kikubaaqudgha
Makhleb
Nemelex Xobeh
Okawaru
Qazlal
Ru
Sif Muna
Trog
Uskayaw
Vehumet
Wu Jian
Xom
Yredelemnul
Zin
The Shining One
Jiyva
Lugonu

Shops:
D (

Annotations:
D Sonja


Innate Abilities, Weirdness & Mutations

You have a pair of horns on your head.
You reflexively headbutt those who attack you in melee.


Message History

Sonja hits you with a +2 short sword of venom.
You are more poisoned.
Sonja closely misses you. The grasping roots constrict you.
Sonja barely misses you.
Sonja hits you with a +2 short sword of venom.
You are more poisoned.
Sonja hits you with a +2 short sword of venom.
The grasping roots constrict you.
The grasping roots release their grip on you.
Your skin crawls.
You feel strong-willed.
* * * LOW HITPOINT WARNING * * *
You feel extremely sick.
Sonja zaps a wand.
The roots erupt in riotous growth!
The grasping roots grab you!
Sonja is unaffected.
The grasping roots constrict you.
* * * LOW HITPOINT WARNING * * *
Sonja hits you with a +2 short sword of venom.
* * * LOW HITPOINT WARNING * * *
You are more poisoned.
Sonja hits you with a +2 short sword of venom!
* * * LOW HITPOINT WARNING * * *
You are more poisoned.
Sonja barely misses you. The grasping roots constrict you.
* * * LOW HITPOINT WARNING * * *
Unknown command.
Unknown command.
You feel much better.
* * * LOW HITPOINT WARNING * * *
You feel extremely sick.
Sonja mumbles some strange words.
Sonja blinks!
The grasping roots constrict you.
* * * LOW HITPOINT WARNING * * *
Sonja throws a curare-tipped dart.
The curare-tipped dart hits you.
You are more poisoned.
You have difficulty breathing.
* * * LOW HITPOINT WARNING * * *
You feel as though you will be slow longer.
The grasping roots constrict you!
You die...

##########################
#<.#..)..#..'..#__#..')..#
#..)..#..').#..'..'..#)..#
#..#####'#####'#__####...+
#..####..#...#.#### #####
#..#__####..##.#
#..#___K_##'#_.+
#⌠⌠#_.∩...†..._#
####_..__##_@#'#
#_____###§#)# #######
#.### $.$ $.$ ##.## #+#


You could see Sonja.

Vanquished Creatures
  2 kobold demonologists (D)
  A slime creature (D)
  Sigmund (D)
  A yak (D)
  A floating eye (D)
  An ogre (D)
  A jelly (D)
  Ijyb (D)
9 creatures vanquished.

Notes
Turn   | Place    | Note
-------+----------+-------------------------------------------
     0 | D        | Zeld the Minotaur Berserker began the quest for the Orb.
     0 | D        | Reached XP level 1. HP: 19/19 MP: 0/0
     4 | D        | Noticed Ijyb
     8 | D        | Killed Ijyb
     9 | D        | Reached skill level 5 in Axes
     9 | D        | Reached XP level 2. HP: 28/28 MP: 1/1
   244 | D        | Noticed an ogre
   249 | D        | Killed an ogre
   250 | D        | Reached skill level 7 in Axes
   250 | D        | Reached skill level 5 in Armour
   250 | D        | Reached XP level 3. HP: 37/37 MP: 2/2
   250 | D        | Reached XP level 4. HP: 44/44 MP: 3/3
   407 | D        | Noticed Sigmund
   410 | D        | Killed Sigmund
   410 | D        | Reached ** piety under Trog
   411 | D        | Reached skill level 10 in Axes
   411 | D        | Reached XP level 5. HP: 52/52 MP: 4/4
   673 | D        | Found a burning altar of Makhleb.
   673 | D        | Found a viscous altar of Jiyva.
   673 | D        | Found a shimmering altar of Xom.
   673 | D        | Found a corrupted altar of Lugonu.
   673 | D        | Noticed a slime creature
   679 | D        | Killed a slime creature
   680 | D        | Reached skill level 11 in Axes
   680 | D        | Reached XP level 6. HP: 62/62 MP: 5/5
   838 | D        | Noticed a kobold demonologist
   838 | D        | Noticed a floating eye
   838 | D        | Noticed a kobold demonologist
   840 | D        | Noticed a smoke demon
   841 | D        | Killed a floating eye
   842 | D        | Reached skill level 12 in Axes
   842 | D        | Reached XP level 7. HP: 70/70 MP: 6/6
   847 | D        | Killed a kobold demonologist
   847 | D        | Reached *** piety under Trog
   848 | D        | Reached skill level 13 in Axes
   848 | D        | Killed a kobold demonologist
   849 | D        | Reached skill level 10 in Fighting
   849 | D        | Reached XP level 8. HP: 79/79 MP: 7/7
   893 | D        | Found an ornate altar of the Wu Jian Council.
   893 | D        | Found a shimmering blue altar of Sif Muna.
   895 | D        | Found a radiant altar of Vehumet.
  1068 | D        | Found Reapp's Weapon Emporium.
  1068 | D        | Found an ancient bone altar of Kikubaaqudgha.
  1068 | D        | Found a hazy altar of Hepliaklqana.
  1068 | D        | Found a hide-covered altar of Uskayaw.
  1068 | D        | Found a basalt altar of Yredelemnul.
  1068 | D        | Found an opulent altar of Gozag.
  1068 | D        | Found a snail-covered altar of Cheibriados.
  1068 | D        | Found a sacrificial altar of Ru.
  1068 | D        | Found a shadowy altar of Dithmenos.
  1075 | D        | Reached skill level 14 in Axes
  1075 | D        | Reached skill level 10 in Armour
  1075 | D        | Found a stormy altar of Qazlal.
  1075 | D        | Found a blossoming altar of Fedhas.
  1075 | D        | Found a bloodstained altar of Trog.
  1075 | D        | Found an iron altar of Okawaru.
  1075 | D        | Found a glowing golden altar of the Shining One.
  1075 | D        | Found a glowing silver altar of Zin.
  1075 | D        | Found a white marble altar of Elyvilon.
  1076 | D        | Found a sparkling altar of Nemelex Xobeh.
  1220 | D        | Noticed Sonja
  1226 | D        | HP: 3/80 [Sonja/+2 short sword of venom (7)]
  1226 | D        | HP: 1/80 [constriction (2)]
  1227 | D        | Constricted to death by Sonja

Illustrated notes

Levels and vault maps discovered:
D:        dungeon_sprint_1 [red_sonja_temple_1, red_sonja_temple_small_1]

Skill      XL: |  1  2  3  4  5  6  7  8 |
---------------+-------------------------+-----
Fighting       | 4 6 7 8 9 10 | 10.5
Axes           | 5 7 10 11 12 13 14 | 14.1
Armour         | 3 5 7 8 9 10 | 10.1
Dodging        | 3 4 6 7 9 |  9.3

Action                   |  1- 3 |  4- 6 |  7- 9 || total
-------------------------+-------+-------+-------++-------
Melee: Hand axe          |     7 |     7 |    14 ||    28
       Headbutt          |     2 |     3 |     2 ||     7
Invok: Berserk           |     2 |     3 |       ||     5
       Trog's Hand       |       |       |     1 ||     1
Evoke: Wand              |       |       |     5 ||     5
  Use: Potion            |       |       |     1 ||     1
Dodge: Dodged            |     3 |     2 |    12 ||    17
